 Dungeon Crawl Stone Soup version 0.31.0-2-g5a2aebc5c2 (webtiles) character file.

Game seed: 5034991540732187624

3224359 EnegeticOcto the Executioner (level 20, 193/193 HPs)
             Began as a Minotaur Fighter on Jan 20, 2024.
             Was the Champion of Jiyva.
             Escaped with the Orb
             ... and 3 runes
             ... and 4 gems!
             The game lasted 00:22:48 (25337 turns).

EnegeticOcto the Executioner (Minotaur Fighter)    Turns: 25337, Time: 00:22:48

Health: 193/193    AC: 30    Str: 31    XL:     20   Next: 78%
Magic:  19/19      EV: 25    Int:  5    God:    Jiyva [******]
Gold:   653        SH: 17    Dex: 19    Spells: 19/19 levels left

rFire   + + +        a - +9 broad axe (spect)
rCold   + . .        j - +2 kite shield {rC+}
rNeg    + + .        G - +8 plate armour "Bewed" {rPois Str+3}
rPois   +            (helmet unavailable)
rElec   +            Y - +0 cloak
rCorr   +            m - +2 pair of gloves {Dex+3}
SInv    .            v - +0 pair of boots "Kollejon" {rF+}
Will    +++..        b - amulet of regeneration Stlth
                     M - ring "Qyvop" {^Drain rElec rN++ Will+ Str+2}
HPRegen 2.92/turn    o - +5 ring of evasion
MPRegen 0.96/turn

%: no passive effects
@: no status effects
A: horns 3, retaliatory headbutt, thin skeletal structure 1, fire resistance 2,
strong-willed 1, mutation resistance 1, sense surroundings 2, acidic bite,
eyeballs 2, gelatinous body 1, pseudopods 3, inability to drink after injury 1,
inability to read after injury 1
0: Orb of Zot
}: 3/15 runes: serpentine, barnacled, slimy
a: Renounce Religion, Oozemancy, Slimify


You escaped.
You worshipped Jiyva.
Jiyva was exalted by your worship.
You visited 8 branches of the dungeon, and saw 44 of its levels.
You also visited: Sewer.

You collected 2395 gold pieces.
You spent 1742 gold pieces at shops.

Inventory:

Hand Weapons
 a - a +9 spectral broad axe (weapon)
   (You took it off an orc knight on level 1 of the Orcish Mines)
 x - the +3 war axe of Otosovaa {flame, Fly Dex+3 Stlth-}
   (You found it on level 6 of the Dungeon)

   Dex+3:     It affects your dexterity (+3).
   Fly:       It grants you flight.
   Stlth-:    It makes you less stealthy.
 I - the +6 war axe of the Orb {freeze, rPois rC+ rN+++ Dex-4}
   (You found it on level 2 of the Lair of Beasts)

   Dex-4:     It affects your dexterity (-4).
   rC+:       It protects you from cold.
   rPois:     It protects you from poison rN+++: It renders you almost immune to
   negative energy.
Missiles
 N - 6 throwing nets (quivered)
Armour
 c - the +3 hat of Pondering {ponderous, Will+ MP+10 Int+5}
   (You took it off Gastronok on level 11 of the Dungeon)

   Int+5:     It affects your intelligence (+5).
   Will+:     It increases your willpower.
   MP+10:     It affects your magic capacity (+10).
 j - a +2 kite shield of cold resistance (worn)
   (You took it off a tengu warrior on level 13 of the Dungeon)
 m - a +2 pair of gloves of dexterity (worn)
   (You found it on level 2 of the Dungeon)
 v - the +0 pair of boots "Kollejon" (worn) {rF+}
   (You bought it in a shop on level 2 of the Orcish Mines)

   rF+:       It protects you from fire.
 G - the +8 plate armour "Bewed" (worn) {rPois Str+3}
   (You found it on level 5 of the Pits of Slime)

   Str+3:     It affects your strength (+3).
   rPois:     It protects you from poison
 Y - a +0 cloak (worn)
   (You took it off a draconian monk on level 5 of the Realm of Zot)
Jewellery
 b - an amulet of regeneration (around neck)
   (You took it off Erica on level 8 of the Dungeon)
 o - a +5 ring of evasion (right hand)
   (You found it on level 3 of the Dungeon)
 M - the ring "Qyvop" (left hand) {^Drain rElec rN++ Will+ Str+2}
   (You bought it in a shop on level 2 of the Snake Pit)

   [ring of willpower]

   Str+2:     It affects your strength (+2).
   rElec:     It insulates you from electricity.
   rN++:      It greatly protects you from negative energy.
   Will+:     It increases your willpower.
   ^Drain:    It drains your maximum health when unequipped.
 Q - an amulet of magic regeneration
   (You found it on level 3 of the Snake Pit)
 R - a ring of protection from cold
   (You found it on level 3 of the Snake Pit)
 S - a ring of positive energy
   (You found it on level 4 of the Snake Pit)
Wands
 r - a wand of flame (12) {@v4}
   (You found it on level 14 of the Dungeon)
 t - a wand of charming (18)
   (You found it on level 4 of the Dungeon)
 D - a wand of mindburst (5)
   (You found it on level 5 of the Realm of Zot)
 E - a wand of roots (19) {@v2}
   (You found it on level 5 of the Lair of Beasts)
 L - a wand of quicksilver (5) {@v1}
   (You took it off a naga on level 1 of the Snake Pit)
 P - a wand of digging (8) {@v3}
   (You found it on level 3 of the Snake Pit)
Scrolls
 g - 9 scrolls of immolation
 h - 3 scrolls of fog
 l - a scroll of torment
 p - 2 scrolls of vulnerability
 q - 14 scrolls of teleportation {@r3}
 s - 3 scrolls of blinking {@r4}
 y - a scroll of silence
 K - 3 scrolls of enchant weapon
 O - 3 scrolls of identify {@r1}
 T - a scroll of fear
 U - a scroll of summoning
 V - a scroll of poison
Potions
 d - a potion of might {@q3}
 e - 6 potions of mutation
 f - 2 potions of resistance {@q5}
 i - 6 potions of curing {@q1}
 k - 3 potions of lignification
 n - a potion of haste {@q4}
 u - 3 potions of berserk rage
 w - 4 potions of heal wounds {@q2}
 z - a potion of invisibility
 C - a potion of cancellation
 H - 3 potions of attraction
 J - a potion of enlightenment
 W - a potion of degeneration
 X - a potion of ambrosia
Miscellaneous
 A - a phial of floods
   (You found it on level 2 of the Lair of Beasts)
 B - a tin of tremorstones (2/2)
   (You found it on level 5 of the Lair of Beasts)
 F - a lightning rod (4/4)
   (You found it on level 3 of the Lair of Beasts)


   Skills:
 + Level 20.2 Fighting
 + Level 24.6 Axes
 + Level 20.2 Armour
 + Level 18.0 Dodging
 - Level 15.8 Shields
 - Level 8.0 Evocations


You had 19 spell levels left.
You didn't know any spells.
Your spell library was empty.

Dungeon Overview and Level Annotations

Branches:
Dungeon (15/15)            Temple (0/1) D:6            Lair (5/5) D:11
 Shoals (4/4) Lair:3        Snake (4/4) Lair:3        Slime (5/5) Lair:4
    Orc (2/2) D:10            Elf (0/3) Orc:2        Vaults (0/5) D:13
 Depths (4/4) D:15            Zot (5/5) Depths:4      Sewer (visited)

Altars:
Cheibriados
Dithmenos
Elyvilon
Okawaru
Wu Jian
Yredelemnul
Zin
The Shining One
Jiyva

Shops:
D:7 ?   D:10 ?   D:13 *   Orc:2 (=*[   Snake:2 =(([   Snake:3 !   Depths:1 *

Portals:
Hell: Depths:2 Depths:4
Abyss: Depths:2
Ziggurat: Depths:1

Annotations:
Snake:2 1 runed translucent door, Kicir's ghost, adept GnFi
Snake:4 6 transporters
Slime:5 Royal Jelly


Innate Abilities, Weirdness & Mutations

You have a pair of large horns on your head.
You reflexively headbutt those who attack you in melee.
You have a somewhat thin skeletal structure. (Dex +2, Stealth+)
Your flesh is very heat resistant. (rF++)
You are strong-willed. (Will+)
You are somewhat resistant to further mutation.
You passively map the area around you.
You have acidic saliva.
Your body has grown many eyes which may confuse attackers. (Acc +5)
Your rubbery body absorbs attacks. (AC +1, EV +1)
Armour fits poorly on your massive pseudopods.
You occasionally lose the ability to drink potions when taking damage.
You occasionally lose the ability to read scrolls when taking damage.


Message History

There is a stone staircase leading down here.
(D) Dungeon (T) Temple (L) Lair (A) Shoals (P) Snake Pit (M) Slime Pits (O) Orcish Mines (E) Elven Halls (V) Vaults (U) Depths (H) Hell (Z) Zot
Where to? (Tab/Enter - D:1 @ (x,y), ? - help)
There is a stone staircase leading up here.
You climb upwards.
There is a stone staircase leading down here.
There is a stone staircase leading up here.
You climb upwards.
There is a stone staircase leading down here.
You swap places.
An Orb Guardian comes into view.
The Orb Guardian hits you but does no damage.
You slash the Orb Guardian!
The Orb Guardian is lightly wounded.
You block the Orb Guardian's attack.
You slash the Orb Guardian! You headbutt the Orb Guardian!
Your bludgeon misses the Orb Guardian.
The Orb Guardian is heavily wounded.
The Orb Guardian hits you but does no damage.
You slash the Orb Guardian!
You headbutt the Orb Guardian, but do no damage.
The Orb Guardian is heavily wounded.
The Orb Guardian hits you!
You feel threatened and lose the ability to read scrolls!
You slash the Orb Guardian!
The Orb Guardian is severely wounded.
You hear a distant slurping noise.
You block the Orb Guardian's attack.
You hit the Orb Guardian. You headbutt the Orb Guardian.
The Orb Guardian is severely wounded.
The Orb Guardian hits you!!
You hit the Orb Guardian. You headbutt the Orb Guardian!!
You bite the Orb Guardian, but do no damage.
The Orb Guardian is almost dead.
The Orb Guardian hits you but does no damage.
You hit the Orb Guardian.
You kill the Orb Guardian!
No target in view!
(D) Dungeon (T) Temple (L) Lair (A) Shoals (P) Snake Pit (M) Slime Pits (O) Orcish Mines (E) Elven Halls (V) Vaults (U) Depths (H) Hell (Z) Zot
Where to? (Tab/Enter - D:1 @ (x,y), ? - help)
You hear a distant slurping noise.
You can read scrolls again.
HP restored.
You hear a distant slurping noise.
There is a stone staircase leading up here.
You climb upwards.
There is a stone staircase leading down here. 3 hellwings come into view.
Unknown command.
Unknown command.
The hellwing gives a chilling moan.
You completely miss the hellwing.
You headbutt the hellwing, but do no damage.
Your +9 spectral broad axe hits the hellwing.
Your +9 spectral broad axe hits the hellwing!
You hit the hellwing.
The hellwing is lightly wounded.
Your +9 spectral broad axe hits the hellwing.
Your +9 spectral broad axe hits the hellwing!
The hellwing closely misses you. You block the hellwing's attack.
The hellwing swoops through the air toward you!
You block the hellwing's attack. x2
You slice the hellwing!! You headbutt the hellwing.
You kill the hellwing!
You slice the hellwing!!
Your +9 spectral broad axe hits the hellwing!!!
You kill the hellwing!
You hit the hellwing but do no damage. You headbutt the hellwing!
The hellwing is moderately wounded.
Your +9 spectral broad axe hits the hellwing!
You hit the hellwing but do no damage.
You bludgeon the hellwing, but do no damage.
The hellwing is heavily wounded.
Your +9 spectral broad axe completely misses the hellwing.
You block the hellwing's attack. x2
You slash the hellwing!
You headbutt the hellwing, but do no damage.
You bludgeon the hellwing.
The hellwing is almost dead.
Your +9 spectral broad axe hits the hellwing!
You kill the hellwing!
No target in view!
No target in view!
No target in view!
Your +9 spectral broad axe disappears.
(D) Dungeon (T) Temple (L) Lair (A) Shoals (P) Snake Pit (M) Slime Pits (O) Orcish Mines (E) Elven Halls (V) Vaults (U) Depths (H) Hell (Z) Zot
Where to? (Tab/Enter - D:1 @ (x,y), ? - help)
There is a stone staircase leading up here.
You climb upwards.
There is a stone staircase leading down here.
There is an open door here.
There is a staircase leading out of the dungeon here.
Unknown command.
You have escaped!

########.# #..####....#......
.........# #.## ###..#.....#
..##############+#######..#.#....
..# #...........##......##. ..##
#...........##....#.#.. ...#
#..8...^.8..##.####.#.) ...#
#...........##.####.#.. ...#
#..........(##.(....#.. ...#
#.....@.....##.####.#.# ...#
#...........##.###....# ...#
#...........##.#.#....# ...#
#..8.....8..##.#.#..... ...#
#...........##.#.#.###. ...#
#...........##.#.#..... ####
######'#######.#.#..#.#
#.#######.....##.#
#.........#...##.#


There were no monsters in sight!

Vanquished Creatures
  3 orbs of fire (Zot:5)
  A dread lich (Zot:5)
  Mara (Snake:3)
  A Killer Klown (Zot:5)
  2 shard shrikes (Zot:4)
  Bai Suzhen (Shoals:3)
  Vashnia (Snake:2)
  A curse toe (Zot:5)
  5 caustic shrikes (Depths:4)
  A golden dragon (Zot:2)
  Jorgrun (D:15)
  4 electric golems
  Rupert (Lair:3)
  4 tentacled monstrosities
  19 Orb Guardians
  Polyphemus (Shoals:3)
  A quicksilver dragon (Zot:2)
  A sphinx (Depths:4)
  3 shadow dragons (Depths:4)
  Gastronok (D:11)
  Donald (Shoals:1)
  Frances (Shoals:1)
  2 death cobs (Zot:5)
  3 storm dragons
  2 draconian monks
  4 nagarajas
  6 protean progenitors
  5 fire giants
  3 draconian knights (Zot:5)
  A frost giant (Depths:2)
  A ghost moth (Zot:5)
  2 draconian shifters
  2 draconian scorchers
  A balrug (Zot:4)
  An angel (Shoals:4)
  4 draconian stormcallers
  An orc warlord (Orc:2)
  2 cacodemons
  3 draconian annihilators (Zot:5)
  25 very ugly things
  8 stone giants
  5 green draconians
  A dire elephant (Lair:5)
  7 black draconians
  7 white draconians
  10 red draconians
  Snorg (D:11)
  5 yellow draconians
  A spark wasp (Zot:5)
  A blizzard demon (D:14)
  3 purple draconians
  12 merfolk impalers
  7 merfolk javelineers
  A green death (Zot:4)
  2 ettins (Depths:4)
  3 fire dragons
  A vault guard (D:13)
  An ice dragon (Depths:4)
  A rakshasa (D:13)
  Fannar (D:11)
  5 hydras
  6 salamander tyrants (Snake:4)
  3 alligator snapping turtles
  4 merfolk avatars
  3 two-headed ogres
  Erica (D:8)
  2 catoblepae
  3 boulder beetles
  A spriggan air mage (Depths:4)
  9 anacondas
  A merfolk aquamancer (Shoals:4)
  2 alligators (Zot:5)
  3 centaur warriors
  A dancing weapon (D:13)
  10 naga warriors
  2 deep troll shamans
  3 orc high priests (Orc:2)
  17 naga sharpshooters
  4 tengu warriors
  2 deep troll earth magi
  16 death yaks
  A spriggan berserker (Depths:4)
  Urug (Lair:3)
  11 shock serpents
  The ghost of NitroKuite the Skirmisher, a journeyman SpHu of Hepliaklqana (Lair:2)
  2 hell knights (Depths:4)
  3 skysharks
  8 iron trolls
  3 sixfirhies
  3 salamander mystics
  A fire crab (D:11)
  4 deep trolls
  Lodul (D:13)
  2 naga ritualists
  3 sea snakes
  A cherub (Shoals:4)
  7 mana vipers
  5 orc knights
  10 harpies (Shoals:4)
  2 deep elf pyromancers (D:15)
  6 orc sorcerers (Orc:2)
  A lindwurm (Zot:5)
  2 oklob plants (Lair:4)
  11 salamanders
  3 cyclopes
  12 manticores
  13 ugly things
  13 elephants
  8 fauns
  3 meliai (D:14)
  9 moths of wrath
  4 merfolk sirens
  A guardian serpent (Snake:2)
  31 black mambas
  7 water nymphs
  An orange demon (Depths:1)
  17 naga magi
  A gargoyle (D:10)
  A hellion (Zot:3)
  An unseen horror (D:10)
  A rime drake (Lair:3)
  16 cane toads
  7 yaktaurs (D:15)
  4 kobold demonologists
  9 komodo dragons
  2 tormentors
  23 merfolk
  5 trolls
  3 hellwings (D:2)
  3 polar bears
  2 hornets
  2 tyrant leeches (Zot:1)
  4 blink frogs (Lair:4)
  4 wind drakes
  6 snapping turtles
  8 dream sheep
  A shadow (D:11)
  Sigmund (D:5)
  3 spriggans
  A wraith (D:11)
  6 water elementals
  A wyvern (Lair:4)
  85 yaks
  3 wargs
  A human (D:10)
  Eustachio (D:5)
  A yak (shapeshifter) (D:15)
  5 basilisks
  8 steam dragons
  6 vampire mosquitoes (D:12)
  Menkaure (D:5)
  53 nagas
  2 acid dragons
  7 water moccasins
  27 orc warriors
  2 ice beasts
  3 sky beasts
  2 laughing skulls (D:13)
  13 ogres
  2 black bears
  7 centaurs
  17 wolves
  A weeping skull (D:13)
  9 bullfrogs
  4 kobold brigands
  4 gnoll sergeants
  6 scorpions
  8 wights
  3 killer bees (D:9)
  3 electric eels (D:12)
  4 howler monkeys
  A hound (D:6)
  11 orc priests
  A gnoll bouda (Lair:2)
  Terence (D:2)
  2 iguanas
  13 orc wizards
  5 hell rats (Lair:3)
  Robin (D:3)
  12 gnolls
  11 adders
  9 river rats
  4 ufetubi (D:7)
  2 ribbon worms
  6 dart slugs
  53 orcs
  8 endoplasms
  6 giant cockroaches
  9 goblins
  8 hobgoblins
  15 kobolds
  A quokka (D:3)
  17 ball pythons
  8 bats
  6 frilled lizards
  27 rats
  A spectral orc (D:13)
  An aspiring flesh (Zot:5)
1152 creatures vanquished.

Vanquished Creatures (collateral kills)
  A lindwurm (Zot:5)
  An aspiring flesh (Zot:5)
2 creatures vanquished.

Vanquished Creatures (others)
  An acid blob (Zot:5)
  A green draconian (Zot:5)
  A fire dragon (D:15)
  A glowing orange brain (Depths:2)
  A cyclops (D:13)
  A gargoyle (D:13)
  An unseen horror (shapeshifter) (D:13)
  A tengu conjurer (D:13)
  A kobold demonologist (D:13)
  7 slime creatures
  2 shadows
  2 nagas (Snake:4)
  Duvessa (D:5)
  An ice beast (D:5)
  2 bullfrogs
  Dowan (D:5)
  A howler monkey (D:7)
  95 jellies
  2 orc wizards
  4 gnolls (D:11)
  An adder (D:3)
  8 orcs
  4 jackals (D:5)
  A quokka (D:5)
  2 kobolds
  49 spectral weapons
192 creatures vanquished.

Grand Total: 1346 creatures vanquished

Notes
Turn   | Place    | Note
-------+----------+-------------------------------------------
     0 | D:1      | EnegeticOcto the Minotaur Fighter began the quest for the
                  | Orb.
     0 | D:1      | Reached XP level 1. HP: 19/19 MP: 0/0
    90 | D:1      | Reached XP level 2. HP: 27/27 MP: 1/1
   157 | D:1      | Reached skill level 3 in Axes
   782 | D:2      | Reached XP level 3. HP: 33/33 MP: 2/2
   911 | D:2      | Reached XP level 4. HP: 40/40 MP: 3/3
   923 | D:2      | Noticed Terence
   933 | D:2      | Killed Terence
   934 | D:2      | Reached skill level 4 in Axes
  1375 | D:3      | Found a faded altar of an unknown god.
  1442 | D:3      | Prayed at the altar of an unknown god.
  1442 | D:3      | Became a worshipper of Jiyva Jeatwuut the Shapeless
  1442 | D:3      | Reached * piety under Jiyva
  1703 | D:3      | Reached ** piety under Jiyva
  1953 | D:3      | Noticed Robin
  1961 | D:3      | Killed Robin
  1965 | D:3      | Reached XP level 5. HP: 47/47 MP: 4/4
  2443 | D:4      | Reached *** piety under Jiyva
  2629 | D:4      | Reached skill level 1 in Dodging
  2775 | D:4      | Gained mutation: Your rubbery body absorbs attacks. (AC +1,
                  | EV +1) [Jiyva's grace]
  2775 | D:4      | Gained mutation: Your pliable body absorbs attacks. (AC +2,
                  | EV +2) [Jiyva's grace]
  2775 | D:4      | Gained mutation: Your gelatinous body deflects attacks. (AC
                  | +3, EV +3) [Jiyva's grace]
  2775 | D:4      | Gained mutation: Your translucent skin slightly reduces
                  | your foes' accuracy. (Stealth+) [Jiyva's grace]
  2978 | D:5      | Entered Level 5 of the Dungeon
  3013 | D:5      | Noticed Eustachio
  3017 | D:5      | Killed Eustachio
  3018 | D:5      | Reached skill level 5 in Axes
  3018 | D:5      | Reached XP level 6. HP: 55/55 MP: 5/5
  3063 | D:5      | Reached skill level 5 in Fighting
  3113 | D:5      | Reached skill level 5 in Armour
  3113 | D:5      | Reached skill level 5 in Shields
  3131 | D:5      | Reached **** piety under Jiyva
  3132 | D:5      | Noticed Sigmund
  3148 | D:5      | Killed Sigmund
  3149 | D:5      | Reached skill level 6 in Axes
  3149 | D:5      | Reached XP level 7. HP: 59/61 MP: 6/6
  3171 | D:5      | Found a glowing drain.
  3211 | D:5      | Noticed Duvessa
  3224 | D:5      | Noticed Dowan
  3227 | D:5      | Killed Duvessa
  3232 | Sewer    | Entered a sewer
  3299 | Sewer    | Reached XP level 8. HP: 70/70 MP: 7/7
  3308 | Sewer    | Reached skill level 7 in Axes
  3456 | D:5      | Killed Dowan
  3724 | D:5      | Reached ***** piety under Jiyva
  3823 | D:5      | Noticed a troll
  3832 | D:5      | Killed a troll
  3833 | D:5      | Reached skill level 8 in Axes
  3872 | D:5      | Noticed Menkaure
  3878 | D:5      | Killed Menkaure
  4056 | D:6      | Identified the +3 war axe of Otosovaa {flame, Fly Dex+3
                  | Stlth-}
  4161 | D:6      | Reached XP level 9. HP: 78/78 MP: 8/8
  4442 | D:6      | Found a staircase to the Ecumenical Temple.
  4640 | D:6      | Reached skill level 9 in Axes
  4684 | D:6      | Gained mutation: You are robust. (+10% HP) [Jiyva's grace]
  4684 | D:6      | Gained mutation: You are very robust. (+20% HP) [Jiyva's
                  | grace]
  4684 | D:6      | Gained mutation: You are extremely robust. (+30% HP)
                  | [Jiyva's grace]
  4684 | D:6      | Gained mutation: Your flesh is cold resistant. (rC+)
                  | [Jiyva's grace]
  5026 | D:7      | Reached skill level 5 in Dodging
  5055 | D:7      | Found Irokacs's Magic Scroll Boutique.
  5212 | D:7      | Identified the +9 demon whip "Danoruwn" {pain, Int+6
                  | Stlth+}
  5375 | D:8      | Reached skill level 10 in Axes
  5610 | D:8      | Reached ****** piety under Jiyva
  5676 | D:8      | Noticed Erica
  5685 | D:8      | Killed Erica
  5686 | D:8      | Reached XP level 10. HP: 114/114 MP: 9/9
  6307 | D:9      | Noticed a two-headed ogre
  6313 | D:9      | Killed a two-headed ogre
  6314 | D:9      | Reached skill level 11 in Axes
  6351 | D:9      | Lost mutation: Your flesh is cold resistant. (rC+) [Jiyva's
                  | grace]
  6351 | D:9      | Lost mutation: You are extremely robust. (+30% HP) [Jiyva's
                  | grace]
  6351 | D:9      | Lost mutation: Your gelatinous body deflects attacks. (AC
                  | +3, EV +3) [Jiyva's grace]
  6351 | D:9      | Lost mutation: Your pliable body absorbs attacks. (AC +2,
                  | EV +2) [Jiyva's grace]
  6351 | D:9      | Lost mutation: Your rubbery body absorbs attacks. (AC +1,
                  | EV +1) [Jiyva's grace]
  6351 | D:9      | Lost mutation: Your translucent skin slightly reduces your
                  | foes' accuracy. (Stealth+) [Jiyva's grace]
  6351 | D:9      | Gained mutation: Your natural rate of healing is unusually
                  | fast. [Jiyva's grace]
  6351 | D:9      | Gained mutation: You heal very quickly. [Jiyva's grace]
  6351 | D:9      | Gained mutation: You regenerate. [Jiyva's grace]
  6351 | D:9      | Gained mutation: Your flesh is heat resistant. (rF+)
                  | [Jiyva's grace]
  6412 | D:9      | Found a glowing golden altar of the Shining One.
  6584 | D:9      | Found an ornate altar of the Wu Jian Council.
  6587 | D:9      | Found a shadowy altar of Dithmenos.
  6673 | D:9      | Found a basalt altar of Yredelemnul.
  6675 | D:9      | Noticed a profane servitor
  6818 | D:9      | Noticed an angel
  6837 | D:10     | Entered Level 10 of the Dungeon
  6970 | D:10     | Found a staircase to the Orcish Mines.
  6987 | D:10     | Noticed a gargoyle
  6997 | D:10     | Killed a gargoyle
  7052 | D:10     | Reached skill level 12 in Axes
  7111 | D:10     | Found a white marble altar of Elyvilon.
  7142 | D:10     | Reached XP level 11. HP: 116/116 MP: 10/10
  7200 | D:10     | Found a snail-covered altar of Cheibriados.
  7358 | D:10     | Found a transporter.
  7358 | D:10     | Found Kauhuihe's Magic Scroll Shop.
  7360 | D:10     | Found a transporter.
  7421 | D:10     | Bought a scroll of blinking for 112 gold pieces
  7518 | D:11     | Noticed Gastronok
  7519 | D:11     | Found a staircase to the Lair.
  7520 | D:11     | Noticed a fire crab
  7531 | D:11     | Noticed Fannar
  7539 | D:11     | Killed Gastronok
  7548 | D:11     | Killed a fire crab
  7549 | D:11     | Noticed Snorg
  7563 | D:11     | Killed Snorg
  7605 | D:11     | You are sucked into a shaft and drop 1 floor!
  7663 | D:11     | Killed Fannar
  7664 | D:11     | Reached skill level 13 in Axes
  7846 | D:11     | Reached skill level 10 in Fighting
  8082 | D:11     | Reached skill level 10 in Armour
  8361 | Lair:1   | Entered Level 1 of the Lair of Beasts
  8422 | Lair:1   | Lost mutation: You regenerate. [Jiyva's grace]
  8422 | Lair:1   | Gained mutation: You have a small jelly attached to you
                  | that may absorb projectiles. [Jiyva's grace]
  8422 | Lair:1   | Gained mutation: Armour fits poorly on your pseudopods.
                  | [Jiyva's grace]
  8422 | Lair:1   | Gained mutation: Armour fits poorly on your large
                  | pseudopods. [Jiyva's grace]
  8422 | Lair:1   | Gained mutation: Armour fits poorly on your massive
                  | pseudopods. [Jiyva's grace]
  8581 | Lair:1   | Reached skill level 10 in Shields
  8777 | Lair:1   | Reached XP level 12. HP: 128/128 MP: 11/11
  9048 | Lair:2   | Reached skill level 14 in Axes
  9100 | Lair:2   | Identified the +6 war axe of the Orb {freeze, rPois rC+
                  | rN+++ Dex-4}
  9187 | Lair:2   | Noticed a seven-headed hydra
  9195 | Lair:2   | Killed a three-headed hydra
  9501 | Lair:2   | Noticed NitroKuite's ghost (journeyman SpHu)
  9505 | Lair:2   | Found a runed translucent door.
  9733 | Lair:2   | Killed NitroKuite's ghost
  9908 | Lair:3   | Reached skill level 15 in Axes
  9929 | Lair:3   | Lost mutation: You heal very quickly. [Jiyva's grace]
  9929 | Lair:3   | Lost mutation: You are very robust. (+20% HP) [Jiyva's
                  | grace]
  9929 | Lair:3   | Gained mutation: You are partially covered in iridescent
                  | scales. (AC +2) [Jiyva's grace]
  9929 | Lair:3   | Gained mutation: You are mostly covered in iridescent
                  | scales. (AC +4) [Jiyva's grace]
  9929 | Lair:3   | Gained mutation: You are completely covered in iridescent
                  | scales. (AC +6) [Jiyva's grace]
  9929 | Lair:3   | Gained mutation: You have acidic saliva. [Jiyva's grace]
  9970 | Lair:3   | Identified the +4 flail of Wudifur {flame, Str+3}
 10227 | Lair:3   | Noticed Rupert
 10242 | Lair:3   | Killed Rupert
 10243 | Lair:3   | Reached XP level 13. HP: 66/128 MP: 12/12
 10284 | Lair:3   | Found a staircase to the Snake Pit.
 10310 | Lair:3   | Found an iron altar of Okawaru.
 10416 | Lair:3   | Found a staircase to the Shoals.
 10449 | Lair:3   | Noticed Urug
 10460 | Lair:3   | Killed Urug
 10461 | Lair:3   | Reached skill level 10 in Dodging
 10761 | Lair:4   | Reached skill level 16 in Axes
 11137 | Lair:4   | Found a viscous altar of Jiyva.
 11223 | Lair:4   | Found a staircase to the Slime Pits.
 11313 | Lair:4   | Lost mutation: You are completely covered in iridescent
                  | scales. (AC +6) [Jiyva's grace]
 11313 | Lair:4   | Lost mutation: Your flesh is heat resistant. (rF+) [Jiyva's
                  | grace]
 11313 | Lair:4   | Lost mutation: Armour fits poorly on your massive
                  | pseudopods. [Jiyva's grace]
 11313 | Lair:4   | Gained mutation: You have large cloven feet. [Jiyva's
                  | grace]
 11313 | Lair:4   | Gained mutation: You have hoof-like feet. [Jiyva's grace]
 11313 | Lair:4   | Gained mutation: You have hooves in place of feet. [Jiyva's
                  | grace]
 11313 | Lair:4   | Gained mutation: You have hidden genetic potential.
                  | [Jiyva's grace]
 11648 | Slime:1  | Entered Level 1 of the Pits of Slime
 11648 | Slime:1  | Noticed an azure jelly
 11661 | Slime:2  | Noticed a quicksilver ooze
 11665 | Slime:2  | Noticed an azure jelly
 11718 | Slime:4  | Noticed a rockslime
 11720 | Slime:4  | Noticed an acid blob
 11758 | Slime:4  | Noticed an azure jelly
 11762 | Slime:4  | Noticed a rockslime
 11764 | Slime:5  | Entered Level 5 of the Pits of Slime
 11782 | Slime:5  | Noticed an acid blob
 11829 | Slime:5  | Noticed a quicksilver ooze
 11833 | Slime:5  | Noticed an acid blob
 11839 | Slime:5  | Noticed an acid blob
 11851 | Slime:5  | Noticed an acid blob
 11877 | Slime:5  | Noticed a quicksilver ooze
 11898 | Slime:5  | Noticed an acid blob
 11900 | Slime:5  | Noticed the Royal Jelly
 11930 | Slime:5  | Noticed a rockslime
 11941 | Slime:5  | Noticed a quicksilver ooze
 11953 | Slime:5  | Noticed a quicksilver ooze
 11962 | Slime:5  | Found a viscous altar of Jiyva.
 11967 | Slime:5  | Got a starry gem with 252 turns to spare
 11969 | Slime:5  | Identified the +8 plate armour "Bewed" {rPois Str+3}
 11981 | Slime:5  | Got a slimy rune of Zot
 12020 | Slime:5  | Noticed an acid blob
 12039 | Slime:5  | Noticed an acid blob
 12043 | Slime:5  | Noticed a quicksilver ooze
 12052 | Slime:5  | Noticed an acid blob
 12109 | Slime:2  | Noticed an azure jelly
 12162 | Lair:5   | Entered Level 5 of the Lair of Beasts
 12251 | Lair:5   | Reached skill level 17 in Axes
 12408 | Lair:5   | Reached XP level 14. HP: 139/139 MP: 13/13
 13481 | D:12     | Gained mutation: You have a somewhat thin skeletal
                  | structure. (Dex +2, Stealth+) [hidden potential]
 13530 | D:12     | Lost mutation: You have hooves in place of feet. [Jiyva's
                  | grace]
 13530 | D:12     | Lost mutation: You are mostly covered in iridescent scales.
                  | (AC +4) [Jiyva's grace]
 13530 | D:12     | Lost mutation: You have hidden genetic potential. [Jiyva's
                  | grace]
 13530 | D:12     | Lost mutation: You have a small jelly attached to you that
                  | may absorb projectiles. [Jiyva's grace]
 13530 | D:12     | Gained mutation: Your rubbery body absorbs attacks. (AC +1,
                  | EV +1) [Jiyva's grace]
 13530 | D:12     | Gained mutation: Your pliable body absorbs attacks. (AC +2,
                  | EV +2) [Jiyva's grace]
 13530 | D:12     | Gained mutation: Your gelatinous body deflects attacks. (AC
                  | +3, EV +3) [Jiyva's grace]
 13530 | D:12     | Gained mutation: You have a small jelly attached to you
                  | that senses nearby items. [Jiyva's grace]
 13644 | D:12     | Reached skill level 18 in Axes
 13811 | D:13     | Found a gate to the Vaults.
 14139 | D:13     | Found Pyepick's Assorted Antiques.
 14144 | D:13     | Noticed Lodul
 14149 | D:13     | Killed Lodul
 14162 | D:13     | Found a basalt altar of Yredelemnul.
 14467 | Orc:1    | Entered Level 1 of the Orcish Mines
 14617 | Orc:2    | Entered Level 2 of the Orcish Mines
 14651 | Orc:2    | Found Ruqaw's General Store.
 14654 | Orc:2    | Noticed an orc warlord
 14662 | Orc:2    | Killed an orc warlord
 14678 | Orc:2    | Found a staircase to the Elven Halls.
 14710 | Orc:2    | Reached XP level 15. HP: 135/150 MP: 14/14
 14726 | Orc:2    | Found Yhogocse's Antique Weapon Boutique.
 14726 | Orc:2    | Paralysed by an orc sorcerer for 2 turns
 14876 | Orc:2    | Found Wuaw's Jewellery Boutique.
 14915 | Orc:2    | Found Ekayjela's Antique Armour Shoppe.
 14941 | Orc:2    | Bought a pair of translucent boots for 304 gold pieces
 14941 | Orc:2    | Identified the +0 pair of boots "Kollejon" {rF+} (You
                  | bought it in a shop on level 2 of the Orcish Mines)
 15064 | Orc:2    | Bought a scroll of teleportation for 42 gold pieces
 15118 | D:10     | Bought a scroll of enchant weapon for 112 gold pieces
 15118 | D:10     | Bought a scroll of enchant weapon for 112 gold pieces
 15232 | D:14     | Lost mutation: You have acidic saliva. [Jiyva's grace]
 15232 | D:14     | Lost mutation: Your gelatinous body deflects attacks. (AC
                  | +3, EV +3) [Jiyva's grace]
 15232 | D:14     | Lost mutation: Armour fits poorly on your large pseudopods.
                  | [Jiyva's grace]
 15232 | D:14     | Gained mutation: You possess an exceptional clarity of
                  | mind. [Jiyva's grace]
 15232 | D:14     | Gained mutation: Your gelatinous body deflects attacks. (AC
                  | +3, EV +3) [Jiyva's grace]
 15232 | D:14     | Gained mutation: Your flesh is heat resistant. (rF+)
                  | [Jiyva's grace]
 15232 | D:14     | Gained mutation: Your flesh is very heat resistant. (rF++)
                  | [Jiyva's grace]
 15588 | D:14     | Reached skill level 19 in Axes
 16044 | D:15     | Entered Level 15 of the Dungeon
 16127 | D:15     | Noticed Jorgrun
 16135 | D:15     | Killed Jorgrun
 16209 | D:15     | Found a white marble altar of Elyvilon.
 16421 | D:15     | Found a staircase to the Depths.
 16824 | Snake:1  | Entered Level 1 of the Snake Pit
 16926 | Snake:1  | Lost mutation: You have hoof-like feet. [Jiyva's grace]
 16926 | Snake:1  | Lost mutation: Your natural rate of healing is unusually
                  | fast. [Jiyva's grace]
 16926 | Snake:1  | Lost mutation: Your gelatinous body deflects attacks. (AC
                  | +3, EV +3) [Jiyva's grace]
 16926 | Snake:1  | Lost mutation: Your pliable body absorbs attacks. (AC +2,
                  | EV +2) [Jiyva's grace]
 16926 | Snake:1  | Lost mutation: Armour fits poorly on your pseudopods.
                  | [Jiyva's grace]
 16926 | Snake:1  | Gained mutation: You passively map a small area around you.
                  | [Jiyva's grace]
 16926 | Snake:1  | Gained mutation: You passively map the area around you.
                  | [Jiyva's grace]
 16926 | Snake:1  | Gained mutation: You passively map a large area around you.
                  | [Jiyva's grace]
 16926 | Snake:1  | Gained mutation: You have acidic saliva. [Jiyva's grace]
 17565 | Snake:2  | Found Emmotol's Armour Boutique.
 17566 | Snake:2  | Found Xegojam's Antique Weapon Boutique.
 17566 | Snake:2  | Found Poshownu's Weapon Shop.
 17593 | Snake:2  | Found Igiqorchatuy's Jewellery Shop.
 17607 | Snake:2  | Bought the ring "Qyvop" {^Drain rElec rN++ Will+ Str+2} for
                  | 865 gold pieces
 17638 | Snake:2  | Noticed Vashnia
 17651 | Snake:2  | Killed Vashnia
 17826 | Snake:2  | Noticed a nagaraja
 17833 | Snake:2  | Killed a nagaraja
 17834 | Snake:2  | Reached skill level 20 in Axes
 17932 | Snake:2  | Reached XP level 16. HP: 161/161 MP: 15/15
 17938 | Snake:2  | Reached skill level 15 in Fighting
 18010 | Snake:2  | Found a runed translucent door.
 18197 | Snake:2  | Reached skill level 15 in Armour
 18204 | Snake:2  | Lost mutation: Your rubbery body absorbs attacks. (AC +1,
                  | EV +1) [Jiyva's grace]
 18204 | Snake:2  | Gained mutation: Your rubbery body absorbs attacks. (AC +1,
                  | EV +1) [Jiyva's grace]
 18204 | Snake:2  | Gained mutation: Your pliable body absorbs attacks. (AC +2,
                  | EV +2) [Jiyva's grace]
 18204 | Snake:2  | Gained mutation: Your gelatinous body deflects attacks. (AC
                  | +3, EV +3) [Jiyva's grace]
 18204 | Snake:2  | Gained mutation: Your melee attacks may engulf your foes in
                  | ooze. [Jiyva's grace]
 18510 | Snake:2  | Noticed Kicir's ghost (adept GnFi)
 18674 | Snake:3  | Noticed Mara
 18679 | Snake:3  | Noticed EnegeticOcto's illusion
 18707 | Snake:3  | Killed Mara
 18758 | Snake:3  | Found Bies's Distillery.
 18766 | Snake:3  | Bought a potion of resistance for 130 gold pieces
 18766 | Snake:3  | Bought a potion of heal wounds for 65 gold pieces
 19031 | Snake:3  | Reached skill level 15 in Shields
 19572 | Snake:4  | Entered Level 4 of the Snake Pit
 19659 | Snake:4  | Found a transporter.
 19660 | Snake:4  | Found a transporter.
 19700 | Snake:4  | Found a transporter.
 19708 | Snake:4  | Found a transporter.
 19738 | Snake:4  | Found a transporter.
 19852 | Snake:4  | Found a transporter.
 19907 | Snake:4  | Reached skill level 21 in Axes
 20149 | Snake:4  | Reached XP level 17. HP: 131/173 MP: 16/16
 20198 | Snake:4  | Got a serpentine rune of Zot
 20627 | Shoals:1 | Entered Level 1 of the Shoals
 20690 | Shoals:1 | Noticed Frances
 20697 | Shoals:1 | Killed Frances
 20750 | Shoals:1 | Noticed Donald
 20758 | Shoals:1 | Killed Donald
 20931 | Shoals:2 | Lost mutation: You are partially covered in iridescent
                  | scales. (AC +2) [Jiyva's grace]
 20931 | Shoals:2 | Lost mutation: You possess an exceptional clarity of mind.
                  | [Jiyva's grace]
 20931 | Shoals:2 | Lost mutation: Your melee attacks may engulf your foes in
                  | ooze. [Jiyva's grace]
 20931 | Shoals:2 | Gained mutation: You have hidden genetic potential.
                  | [Jiyva's grace]
 20931 | Shoals:2 | Gained mutation: You have great hidden genetic potential.
                  | [Jiyva's grace]
 20931 | Shoals:2 | Gained mutation: Your body has grown eyes which may confuse
                  | attackers. (Acc +3) [Jiyva's grace]
 20931 | Shoals:2 | Gained mutation: Your body has grown many eyes which may
                  | confuse attackers. (Acc +5) [Jiyva's grace]
 21168 | Shoals:2 | Reached skill level 1 in Evocations
 21191 | Shoals:2 | Reached skill level 22 in Axes
 21223 | Shoals:2 | You fall into a shaft and drop 1 floor!
 21265 | Shoals:3 | Noticed Bai Suzhen
 21280 | Shoals:3 | Killed Bai Suzhen
 21305 | Shoals:3 | Noticed Polyphemus
 21318 | Shoals:3 | Killed Polyphemus
 21543 | Shoals:4 | Entered Level 4 of the Shoals
 21610 | Shoals:4 | Found a glowing silver altar of Zin.
 21643 | Shoals:4 | Identified the staff "Erear" {rElec Int+6 Stlth+ Air}
 21672 | Shoals:4 | Got an azure gem with 720 turns to spare
 21674 | Shoals:4 | Got a barnacled rune of Zot
 21776 | Shoals:3 | Reached XP level 18. HP: 176/185 MP: 17/17
 22074 | Depths:1 | Entered Level 1 of the Depths
 22147 | Depths:1 | Found a one-way gateway to a ziggurat.
 22202 | Depths:1 | Found Hasoxzuf's General Store.
 22226 | Depths:2 | Reached skill level 15 in Dodging
 22261 | Depths:2 | Found a gateway to Hell.
 22338 | Depths:2 | Lost mutation: You passively map a large area around you.
                  | [Jiyva's grace]
 22338 | Depths:2 | Lost mutation: You are robust. (+10% HP) [Jiyva's grace]
 22338 | Depths:2 | Lost mutation: Your gelatinous body deflects attacks. (AC
                  | +3, EV +3) [Jiyva's grace]
 22338 | Depths:2 | Lost mutation: Your pliable body absorbs attacks. (AC +2,
                  | EV +2) [Jiyva's grace]
 22338 | Depths:2 | Gained mutation: You are strong-willed. (Will+) [Jiyva's
                  | grace]
 22338 | Depths:2 | Gained mutation: You are highly strong-willed. (Will++)
                  | [Jiyva's grace]
 22338 | Depths:2 | Gained mutation: You are extremely strong-willed. (Will+++)
                  | [Jiyva's grace]
 22338 | Depths:2 | Lost mutation: You have great hidden genetic potential.
                  | [Jiyva's grace]
 22338 | Depths:2 | Lost mutation: You have hidden genetic potential. [Jiyva's
                  | grace]
 22338 | Depths:2 | Gained mutation: You are somewhat resistant to further
                  | mutation. [Jiyva's grace]
 22461 | Depths:2 | Found a one-way gate to the infinite horrors of the Abyss.
 22558 | Depths:4 | Entered Level 4 of the Depths
 22644 | Depths:4 | Identified the +2 long sword of the Neverending Coins
                  | {freeze, rC- rN++ Dex+4}
 22731 | Depths:4 | Reached skill level 5 in Evocations
 22775 | Depths:4 | Found a gate to the Realm of Zot.
 22822 | Depths:4 | Got a midnight gem with 2225 turns to spare
 22885 | Depths:4 | Noticed a caustic shrike
 22886 | Depths:4 | Noticed a caustic shrike
 22886 | Depths:4 | Noticed a caustic shrike
 22886 | Depths:4 | Noticed a caustic shrike
 22887 | Depths:4 | Noticed a caustic shrike
 22889 | Depths:4 | Killed a caustic shrike
 22901 | Depths:4 | Killed a caustic shrike
 22909 | Depths:4 | Killed a caustic shrike
 22915 | Depths:4 | Killed a caustic shrike
 22921 | Depths:4 | Killed a caustic shrike
 23119 | Depths:4 | Reached skill level 23 in Axes
 23404 | Depths:4 | Noticed a tentacled monstrosity
 23410 | Depths:4 | Killed a tentacled monstrosity
 23423 | Depths:4 | Reached XP level 19. HP: 176/179 MP: 18/18
 23449 | Zot:1    | Entered Level 1 of the Realm of Zot
 23542 | Zot:2    | Noticed a golden dragon
 23581 | Zot:2    | Lost mutation: You have large cloven feet. [Jiyva's grace]
 23581 | Zot:2    | Lost mutation: You are extremely strong-willed. (Will+++)
                  | [Jiyva's grace]
 23581 | Zot:2    | Lost mutation: You are highly strong-willed. (Will++)
                  | [Jiyva's grace]
 23581 | Zot:2    | Lost mutation: You have a small jelly attached to you that
                  | senses nearby items. [Jiyva's grace]
 23581 | Zot:2    | Gained mutation: Armour fits poorly on your pseudopods.
                  | [Jiyva's grace]
 23581 | Zot:2    | Gained mutation: Armour fits poorly on your large
                  | pseudopods. [Jiyva's grace]
 23581 | Zot:2    | Gained mutation: Armour fits poorly on your massive
                  | pseudopods. [Jiyva's grace]
 23581 | Zot:2    | Gained mutation: You have a pair of large horns on your
                  | head. [Jiyva's grace]
 23597 | Zot:2    | Noticed a golden dragon
 23605 | Zot:2    | Killed a golden dragon
 23660 | Zot:4    | Noticed an electric golem
 23660 | Zot:4    | Noticed an electric golem
 23665 | Zot:4    | Killed an electric golem
 23671 | Zot:4    | Killed an electric golem
 23785 | Zot:4    | Noticed a shard shrike
 23822 | Zot:4    | Killed a shard shrike
 23834 | Zot:4    | Noticed a shard shrike
 23841 | Zot:4    | Killed a shard shrike
 23906 | Zot:5    | Entered Level 5 of the Realm of Zot
 24261 | Zot:5    | Reached XP level 20. HP: 174/191 MP: 19/19
 24266 | Zot:5    | Got a prismatic gem with 229 turns to spare
 24400 | Zot:5    | Noticed an ancient lich
 24406 | Zot:5    | Slimified an ancient lich
 24427 | Zot:5    | Reached skill level 24 in Axes
 24429 | Zot:5    | Noticed an orb of fire
 24439 | Zot:5    | Killed an orb of fire
 24442 | Zot:5    | Noticed a Killer Klown
 24451 | Zot:5    | Killed a Killer Klown
 24515 | Zot:5    | Noticed a curse toe
 24523 | Zot:5    | Killed a curse toe
 24569 | Zot:5    | Noticed a dread lich
 24572 | Zot:5    | Noticed an orb of fire
 24577 | Zot:5    | Gained mutation: You occasionally lose the ability to read
                  | scrolls when taking damage. [an orb of fire]
 24582 | Zot:5    | Gained mutation: You occasionally lose the ability to drink
                  | potions when taking damage. [an orb of fire]
 24584 | Zot:5    | Killed a dread lich
 24590 | Zot:5    | Killed an orb of fire
 24649 | Zot:5    | Noticed an orb of fire
 24661 | Zot:5    | Killed an orb of fire
 24722 | Zot:5    | Noticed a dread lich
 24724 | Zot:5    | Got the Orb of Zot
 25201 | D:6      | Noticed Ytimn the pandemonium lord
 25337 | D:$      | Escaped with the Orb!

Illustrated notes

Levels and vault maps discovered:
D:1:      psy_arrival_statuary, layout_basic, minmay_pentomino_x2
D:2:      minmay_alternating_diamond, layout_basic, hex_intersection,
          uniq_terence
D:3:      layout_loops_corners, hellmonk_ecumenical_altar_run_dry, uniq_robin
D:4:      layout_basic
D:5:      layout_basic, portal_sewer_entry_b, nicolae_letterblocks
          [nicolae_letter_subblock, nicolae_letter_subblock,
          nicolae_letter_subblock, nicolae_letter_subblock,
          nicolae_letter_subblock, nicolae_letter_subblock,
          nicolae_letter_subblock, nicolae_letter_subblock,
          nicolae_letter_subblock, nicolae_letter_subblock,
          nicolae_letter_subblock, nicolae_letter_subblock,
          nicolae_letter_subblock, nicolae_letter_subblock,
          nicolae_letter_subblock, nicolae_letter_subblock,
          nicolae_letter_subblock, nicolae_letter_subblock,
          nicolae_letter_subblock, nicolae_letter_subblock,
          nicolae_letter_subblock, nicolae_letter_subblock,
          nicolae_letter_subblock, nicolae_letter_subblock,
          nicolae_letter_subblock], uniq_menkaure, uniq_duvessa, uniq_eustachio,
          uniq_sigmund
D:6:      layout_layer_cave, minmay_temple_entry_trees
D:7:      layout_rooms, serial_shops, shop
D:8:      layout_layer_cave, uniq_erica
D:9:      layout_rooms, grunt_temple_overflow_holy_war, nicolae_overflow_squiral
D:10:     layout_gridville, mainiacjoe_overflow_catwalk_spiral, erik_orc_4,
          serial_shops, nicolae_shop_drivethru
D:11:     layout_basic, minmay_lair_entry_lava, uniq_snorg, uniq_gastronok,
          uniq_fannar
D:12:     layout_roguey, water_maze_lemuel
D:13:     layout_loops_ring, erik_vaults_1, serial_shops,
          nicolae_take_the_stairs, yredelemnul_forgotten_temple_becter,
          uniq_lodul
D:14:     layout_loops_corners, chequers_serial_rivers_marsh
D:15:     grunt_enter_depths_hoard, layout_irregular_city, lemuel_crystal_altar,
          uniq_jorgrun
Lair:1:   layout_regular_city, serial_bayou_shore_b
Lair:2:   layout_chaotic_city, hellmonk_ghost_happy_afterlife,
          dreamdust_gnoll_shepherd
Lair:3:   layout_cave_pods, shoals_dummy_entry,
          minmay_snake_entry_guardpost_small, basic_altar,
          bobbens_dragon_lair_wall, uniq_urug, uniq_rupert
Lair:4:   layout_regular_city, minmay_slime_entry_oklob_open, forest_entry_grove
Lair:5:   grunt_lair_end_beastmaster, layout_cave_pods
Shoals:1: layout_shoals, serial_shops, nicolae_shop_statue_plus, shop,
          nicolae_shoals_nymph_descending_staircase, uniq_donald, uniq_frances
Shoals:2: layout_shoals, nicolae_shoals_flooded_hall
Shoals:3: layout_shoals, nicolae_shoals_pincushion_passage, uniq_bai_suzhen,
          uniq_polyphemus
Shoals:4: shoals_end_hellmonk_holy_island
Snake:1:  layout_layer_cave
Snake:2:  layout_chambers, ebering_ghost_reflecting_pool, minmay_shoptagon,
          uniq_vashnia
Snake:3:  layout_grid_maze, serial_shops, shop, uniq_mara
Snake:4:  minmay_snake_end_coiled, layout_cave_town, serial_nicolae_subway,
          nicolae_sub_station_stone, nicolae_sub_station_metal,
          nicolae_sub_station_crystal
Slime:1:  layout_caves
Slime:2:  layout_caves, nicolae_slime_getting_an_eyeful
Slime:3:  layout_caves
Slime:4:  layout_caves, nicolae_slime_crime_time
Slime:5:  slime_pit
Orc:1:    nicolae_orc_accident_2, layout_caves, serial_shops,
          nicolae_shop_pleasant_corner_grove, basic_altar, uniq_sonja
Orc:2:    grunt_orc_gardens, layout_caves, grunt_orc_garden, grunt_orc_garden,
          grunt_orc_garden, grunt_orc_garden
Depths:1: layout_long_grid, enter_ziggurat_e, abyss_entry_small_statue_room,
          dk_noncrumbling_3, hell_entry, serial_shops,
          nicolae_inconvenience_store, kennysheep_treasure_room,
          nicolae_triple_integral, firewood_loft
Depths:2: minmay_split_circle, layout_basic, serial_sigils,
          serial_sigils_hangedman_gut, serial_sigils_hangedman_writhe,
          serial_sigils_hangedman_shear, serial_sigils_hangedman_clutch,
          serial_sigils_hangedman_quiver, hell_entry, abyss_entry_glasseish,
          grunt_pan_entry_in_and_out
Depths:3: minmay_swirls_squares, layout_basic, minmay_room_of_horrors,
          hell_entry, kennysheep_pointless_box, st_stairs_12, kb_rosetta,
          minmay_staircase_windowed_small, minmay_shop_grove
Depths:4: grunt_zot_entry_tricorne, layout_gridville, chequers_big_river,
          hell_entry, grunt_megastairs_4, serial_bayou_shore_b
Zot:1:    layout_gridlike, regret_index_zotdec_magical_s, st_stairs_10,
          grunt_megastairs_2
Zot:2:    layout_concentric_octagons
Zot:3:    layout_cathedral_of_symmetry, gammafunk_ghost_necromancy, uniq_grunn
Zot:4:    layout_basic, hangedman_zot_diagonal_lockstep,
          regret_index_zotdec_onion_hex, st_stairs_5, hangedman_zot_spectrum
Zot:5:    layout_basic

Skill      XL: |  1  2  3  4  5  6  7  8  9 10 11 12 13 14 15 16 17 18 19 20 |
---------------+-------------------------------------------------------------+-----
Axes           | 3 4 5 6 8 10 12 13 15 17 18 20 21 22 23 24 | 24.6
Fighting       | 4 5 6 8 9 10 11 12 13 14 16 17 18 19 20 | 20.2
Armour         | 4 5 6 8 9 10 11 12 13 14 15 17 18 19 20 | 20.2
Shields        | 4 5 6 8 9 10 11 12 13 14 15 | 15.8
Dodging        | 1 2 3 4 6 7 8 9 10 11 12 13 14 15 17 18 | 18.0
Evocations     | 3 6 8 |  8.0

Action                     |  1- 3 |  4- 6 |  7- 9 | 10-12 | 13-15 | 16-18 | 19-21 || total
---------------------------+-------+-------+-------+-------+-------+-------+-------++-------
  Melee: War axe           |    63 |   104 |   232 |   451 |   491 |       |       ||  1341
         Headbutt          |     4 |    18 |    39 |   105 |   185 |   211 |   110 ||   672
         Pseudopods        |       |       |       |    59 |   130 |       |    86 ||   275
         Bite              |       |       |       |     6 |    82 |   145 |    68 ||   301
         Kick              |       |       |       |       |   143 |       |       ||   143
         Broad axe         |       |       |       |       |   237 |   777 |   343 ||  1357
 Invoke: Slimify           |       |       |       |     1 |       |       |     1 ||     2
         Oozemancy         |       |       |       |       |       |       |     1 ||     1
  Evoke: Wand              |       |       |       |       |       |       |     1 ||     1
    Use: Scroll            |     5 |     4 |     3 |     6 |    15 |     4 |    10 ||    47
         Potion            |       |       |       |       |     2 |       |     9 ||    11
   Stab: Distracted        |       |       |       |     1 |     6 |    22 |     9 ||    38
         Petrified         |       |       |       |       |    16 |       |       ||    16
         Confused          |       |       |       |       |       |    12 |     6 ||    18
 Armour: Scale mail        |    35 |     6 |       |       |       |       |       ||    41
         Chain mail        |       |    29 |    75 |   194 |    57 |       |       ||   355
         Plate armour      |       |       |       |       |   228 |   375 |   190 ||   793
  Dodge: Dodged            |    25 |    55 |   209 |   264 |   327 |   417 |   160 ||  1457
  Block: Buckler           |    15 |    31 |    78 |       |       |       |       ||   124
         Kite shield       |       |       |     6 |   246 |   412 |   480 |   158 ||  1302
